 Dungeon Crawl Stone Soup version 0.29.0-4-gdea44cf6ec (webtiles) character file.

Game seed: 17654228190835494163

439 qw the Chopper (level 7, -1/40 HPs)
             Began as a Tengu Warper on Aug 28, 2022.
             Slain by a necrophage (6 damage)
             ... on level 4 of the Dungeon.
             The game lasted 00:00:25 (4334 turns).

qw the Chopper (Tengu Warper)                       Turns: 4334, Time: 00:00:26

Health: -1/40      AC: 12    Str: 13    XL:     7   Next: 1%
Magic:  11/11      EV:  5    Int: 13    God:
Gold:   131        SH:  0    Dex: 14    Spells: 10/10 levels left

rFire   . . .      SeeInvis .   Y - +0 hand axe
rCold   . . .      Faith    .   (no shield)
rNeg    . . .      Spirit   .   h - +0 plate armour
rPois   .          Reflect  .   (helmet restricted)
rElec   .          Harm     .   (no cloak)
rCorr   .          Rampage  .   b - +0 pair of gloves
Will    .....                   (boots unavailable)
Stlth   ..........              (no amulet)
HPRegen 0.13/turn               (no ring)
MPRegen 0.12/turn               (no ring)

@: flying quickly and evasively, quick
A: beak, talons 3, nimble flight
a: no special abilities


You were on level 4 of the Dungeon.
You visited 1 branch of the dungeon, and saw 4 of its levels.

You collected 131 gold pieces.


Innate Abilities, Weirdness & Mutations

You have a beak for a mouth.
You have claws for feet.
Your magical nature lets you fly swiftly and evasively.


   Skills:
 + Level 2.0 Fighting
 - Level 7.4 Axes
 - Level 1.0 Throwing
 - Level 3.1 Armour
 - Level 2.1 Dodging
 - Level 2.0 Spellcasting
 - Level 2.4 Translocations


You had 10 spell levels left.
You didn't know any spells.
Your spell library contained the following spells:

 Spells                   Type           Power      Damage    Failure   Level
 Blink                    Tloc           14%        N/A       100%        2
 Gell's Gravitas          Tloc           7%         N/A       100%        3
 Lesser Beckoning         Tloc           7%         N/A       100%        3
 Teleport Other           Tloc           7%         N/A       100%        3
 Manifold Assault         Tloc           7%         N/A       100%        5

Inventory:

Hand Weapons
 c - a +0 flail
 Y - a +0 hand axe (weapon)
Armour
 b - a +0 pair of gloves (worn)
 h - a +0 plate armour (worn)
 j - a +0 buckler
Jewellery
 g - an amulet of regeneration
Scrolls
 d - a scroll of identify
Potions
 a - a potion of might
 e - a potion of mutation
 f - a potion of flight {unknown}
 i - a potion of degeneration {unknown}

Dungeon Overview and Level Annotations

Branches:
Dungeon (4/15)
 Temple: D:4-7

Altars:

Shops:
D:1 =


Message History

The centaur hits you but does no damage.
The centaur kicks you but does no damage.
You closely miss the centaur. You peck the centaur, but do no damage.
The centaur is lightly wounded.
The centaur hits you but does no damage.
The centaur closely misses you.
The centaur hits you but does no damage.
The centaur kicks you.
You hit the centaur but do no damage. Your kick misses the centaur.
You peck the centaur.
The centaur is moderately wounded.
The centaur hits you but does no damage.
The centaur barely misses you.
You hit the centaur but do no damage.
The centaur is moderately wounded.
The centaur hits you.
The centaur kicks you but does no damage.
The centaur hits you.
The centaur kicks you but does no damage.
You hit the centaur. Your peck misses the centaur.
The centaur is heavily wounded.
You hit the necrophage.
The centaur hits you but does no damage.
The centaur kicks you but does no damage.
The necrophage hits you but does no damage.
You hit the centaur but do no damage.
The centaur is heavily wounded.
You hit the necrophage. You hit the goblin.
You kill the goblin!
The centaur hits you but does no damage.
The centaur kicks you but does no damage.
You slash the centaur! You claw the centaur.
You kill the centaur!
You hit the necrophage.
The necrophage hits you but does no damage.
Your Axes skill increases to level 7!
You have reached level 7!
You hit the necrophage.
The necrophage is moderately damaged.
The necrophage hits you.
You die...

#...#### .... #....#.##
.... #....)..# #..
#...)).## .
##'###....#..## ...
#........)#...#..>..
..##........##))......#
............##....#...#
......n@.........!.....
......))...............
..##...##..............
#... #...##...###..#
..... ....###### ..#
...... ...... ..
..##... ....... .. #...
......


You could see a necrophage.

Vanquished Creatures
  A centaur (D:4)
  A bullfrog (D:4)
  A howler monkey (D:4)
  An orc priest (D:4)
  Terence (D:3)
  An orc wizard (D:4)
  A gnoll (D:1)
  5 adders
  An ufetubus (D:2)
  2 worms
  2 dart slugs
  7 orcs
  4 bats
  9 endoplasms
  16 giant cockroaches
  7 goblins
  8 hobgoblins
  6 jackals
  5 quokkas
  6 ball pythons
  4 frilled lizards
  7 kobolds
  8 rats
104 creatures vanquished.

Notes
Turn   | Place    | Note
-------+----------+-------------------------------------------
     0 | D:1      | qw the Tengu Warper began the quest for the Orb.
     0 | D:1      | Reached XP level 1. HP: 12/12 MP: 4/4
     0 | D:1      | 0 ||| qw: Version: 0.1-a-89-g26bdef1
     0 | D:1      | 0 ||| qw: Game counter: 273
     0 | D:1      | 0 ||| qw: Always use a shield: true
     0 | D:1      | 0 ||| qw: God list: Okawaru
     0 | D:1      | 0 ||| qw: Allow faded altars: false
     0 | D:1      | 0 ||| qw: Do Orc after D:15 true
     0 | D:1      | 0 ||| qw: Do second Lair branch before Depths: true
     0 | D:1      | 0 ||| qw: Lair rune preference: random
     0 | D:1      | 0 ||| qw: Plans: Normal
     0 | D:1      | 0 ||| PLANNING D:1-11
    22 | D:1      | Found Kohyr's Jewellery Emporium.
    38 | D:1      | 38 ||| SHOPLISTING amulet of guardian spirit (300 gold,
                  | have 0).
    38 | D:1      | 38 ||| SHOPLISTING amulet of reflection (300 gold, have 0).
    38 | D:1      | 38 ||| SHOPLISTING amulet of the acrobat (300 gold, have
                  | 0).
    38 | D:1      | 38 ||| SHOPLISTING ring of resist corrosion (200 gold, have
                  | 0).
   162 | D:1      | Reached skill level 3 in Axes
   162 | D:1      | Reached XP level 2. HP: 16/17 MP: 6/6
   184 | D:1      | 184 ||| Stepping ~*~*~tactically~*~*~ (hiding).
   185 | D:1      | 185 ||| Stepping ~*~*~tactically~*~*~ (hiding).
   443 | D:1      | Reached XP level 3. HP: 21/21 MP: 7/7
   510 | D:1      | 510 ||| Stepping ~*~*~tactically~*~*~ (stealth).
   536 | D:1      | 536 ||| Stepping ~*~*~tactically~*~*~ (stealth).
   543 | D:1      | Reached skill level 4 in Axes
   656 | D:1      | 656 ||| Stepping ~*~*~tactically~*~*~ (stealth).
  1082 | D:1      | 1082 ||| UPGRADING to +0 plate armour.
  1092 | D:1      | 1092 ||| DROPPING +0 leather armour.
  1093 | D:1      | 1093 ||| DROPPING orb of guile.
  1094 | D:1      | 1094 ||| READING scroll labelled VUSORA SU LAAN.
  1095 | D:1      | 1095 ||| READING scroll labelled NUUQUA UNUGG.
  1216 | D:1      | 1216 ||| DROPPING scroll of blinking.
  1241 | D:2      | 1241 ||| STAIRDANCE
  1349 | D:2      | 1349 ||| DROPPING +0 club.
  1372 | D:2      | Reached XP level 4. HP: 26/26 MP: 8/8
  1477 | D:2      | 1477 ||| PLANNING D:1-11
  1486 | D:2      | 1486 ||| Stepping ~*~*~tactically~*~*~ (stealth).
  1766 | D:2      | 1766 ||| Stepping ~*~*~tactically~*~*~ (stealth).
  1880 | D:2      | 1880 ||| Stepping ~*~*~tactically~*~*~ (stealth).
  1886 | D:2      | 1886 ||| Stepping ~*~*~tactically~*~*~ (hiding).
  2196 | D:2      | Reached skill level 5 in Axes
  2566 | D:2      | 2566 ||| READING scroll labelled ZUMIUD PYLAW.
  2567 | D:2      | 2567 ||| READING scroll labelled PUELYNLONGOAC.
  2568 | D:2      | 2568 ||| READING scroll labelled ALESTR ENANULI.
  2718 | D:3      | 2718 ||| DROPPING +0 whip.
  2736 | D:3      | 2736 ||| Stepping ~*~*~tactically~*~*~ (water).
  2738 | D:3      | Gained mutation: Your magical nature lets you fly swiftly
                  | and evasively. [Tengu growth]
  2738 | D:3      | Reached XP level 5. HP: 30/30 MP: 9/9
  2860 | D:3      | 2860 ||| Stepping ~*~*~tactically~*~*~ (stealth).
  3016 | D:3      | Noticed Terence
  3017 | D:3      | 3017 ||| Stepping ~*~*~tactically~*~*~ (stealth).
  3024 | D:3      | 3024 ||| Stepping ~*~*~tactically~*~*~ (stealth).
  3048 | D:3      | HP: 5/30 [Terence/+0 mace (4)]
  3049 | D:3      | HP: 2/30 [Terence/+0 mace (3)]
  3050 | D:3      | Killed Terence
  3581 | D:3      | 3581 ||| UPGRADING to +0 pair of gloves.
  3586 | D:3      | 3586 ||| DRINKING 2 bubbling ruby potions.
  3616 | D:3      | 3616 ||| READING 2 scrolls of identify.
  3616 | D:3      | 3616 ||| IDENTIFYING metallic cyan potion
  3617 | D:3      | 3617 ||| DROPPING potion of lignification.
  3656 | D:4      | Reached skill level 6 in Axes
  3979 | D:4      | Reached skill level 3 in Armour
  3979 | D:4      | Reached XP level 6. HP: 28/35 MP: 10/10
  3979 | D:4      | 3979 ||| FLEEEEING.
  3980 | D:4      | 3980 ||| FLEEEEING.
  3983 | D:4      | 3983 ||| FLEEEEING.
  3984 | D:4      | 3984 ||| FLEEEEING.
  3985 | D:4      | 3985 ||| FLEEEEING.
  3986 | D:4      | 3986 ||| STAIRDANCE
  4036 | D:3      | 4036 ||| DRINKING 2 brown potions.
  4037 | D:3      | 4037 ||| READING 2 scrolls of identify.
  4037 | D:3      | 4037 ||| IDENTIFYING lumpy clear potion
  4097 | D:4      | HP: 6/35 [orc/+0 short sword[a goblin] (3)]
  4098 | D:4      | 4098 ||| DRINKING potion of heal wounds.
  4117 | D:4      | 4117 ||| Stepping ~*~*~tactically~*~*~ (stealth).
  4179 | D:4      | 4179 ||| Stepping ~*~*~tactically~*~*~ (stealth).
  4190 | D:4      | 4190 ||| Stepping ~*~*~tactically~*~*~ (stealth).
  4191 | D:4      | 4191 ||| Stepping ~*~*~tactically~*~*~ (stealth).
  4195 | D:4      | 4195 ||| Stepping ~*~*~tactically~*~*~ (stealth).
  4196 | D:4      | 4196 ||| Stepping ~*~*~tactically~*~*~ (stealth).
  4197 | D:4      | 4197 ||| Stepping ~*~*~tactically~*~*~ (stealth).
  4326 | D:4      | HP: 8/35 [centaur (3)]
  4334 | D:4      | Reached skill level 7 in Axes
  4334 | D:4      | Reached XP level 7. HP: 5/40 MP: 11/11
  4334 | D:4      | Slain by a necrophage

Levels and vault maps discovered:
D:1:      dpeg_arrival_arbitrary_c, layout_basic, serial_shops, shop
D:2:      layout_basic
D:3:      minmay_roachtagon, layout_basic, kennysheep_boxes, uniq_terence
D:4:      layout_gridville, gammafunk_ghost_cemetery,
          minmay_fractal_squares_gapless_5, uniq_grinder

Skill      XL: |  1  2  3  4  5  6 |
---------------+-------------------+-----
Axes           | 3 4 5 6 7 |  7.4
Armour         | 2 3 |  3.1
Fighting       | |  2.0
Throwing       | |  1.0
Dodging        | |  2.1
Spellcasting   | |  2.0
Translocations | |  2.4

Action                   |  1- 3 |  4- 6 |  7- 9 || total
-------------------------+-------+-------+-------++-------
Melee: Hand axe          |    79 |   196 |     1 ||   276
       Kick              |    20 |    51 |       ||    71
       Punch             |     1 |     2 |       ||     3
       Peck              |     5 |    26 |       ||    31
Throw: Boomerang         |     7 |       |       ||     7
  Use: Scroll            |     2 |     5 |       ||     7
       Potion            |       |     3 |       ||     3
Armor: Leather armour    |    21 |       |       ||    21
       Plate armour      |     6 |   147 |       ||   153
Dodge: Dodged            |    44 |    38 |       ||    82

Table legend:
 A = Non-vault XP
 B = Vault XP
 C = Vault XP percentage of total XP
 D = Non-vault monster count
 E = Vault monster count
 F = Vault count percentage of total count
                 A         B        C        D         E       F
            +---------+---------+-------+---------+---------+-------
      Total |     458 |     170 |  27.1 |      90 |      14 |  13.5
            +---------+---------+-------+---------+---------+-------
        D:1 |      67 |       0 |   0.0 |      32 |       0 |   0.0
        D:2 |      85 |       0 |   0.0 |      24 |       0 |   0.0
        D:3 |      40 |      60 |  60.0 |      16 |      12 |  42.9
        D:4 |     266 |     110 |  29.3 |      18 |       2 |  10.0
            +---------+---------+-------+---------+---------+-------
